 Dungeon Crawl Stone Soup version 0.30.1-11-g7821555f0a (webtiles) character file.

Game seed: 13947606585309267247

37 monsoonserge the Conjurer (level 3, 0/21 HPs)
             Began as a Tengu Reaver on Jan 11, 2024.
             Succumbed to an adder's poison
             ... on level 2 of the Dungeon.
             The game lasted 00:03:49 (985 turns).

monsoonserge the Conjurer (Tengu Reaver)             Turns: 985, Time: 00:03:50

Health: 0/21       AC:  3    Str: 12    XL:     3   Next: 39%
Magic:  7/7        EV: 12    Int: 15    God:
Gold:   4          SH:  0    Dex: 12    Spells: 4/6 levels left

rFire   . . .        h - +1 short sword (venom)
rCold   . . .        (no shield)
rNeg    . . .        a - +0 leather armour
rPois   .            (helmet restricted)
rElec   .            f - scarf {repulsion}
rCorr   .            (no gloves)
SInv    .            (boots unavailable)
Will    .....        (no amulet)
Stlth   +            (no ring)
HPRegen 0.23/turn    (no ring)
MPRegen 0.10/turn

%: repel missiles
@: mighty, lethally poisoned (0 -> -10)
A: beak, talons 3
a: no special abilities


You were on level 2 of the Dungeon.
You visited 1 branch of the dungeon, and saw 2 of its levels.

You collected 64 gold pieces.
You spent 60 gold pieces at shops.

Inventory:

Hand Weapons
 b - a +0 mace
 h - a +1 short sword of venom (weapon)
Missiles
 e - 4 javelins
Armour
 a - a +0 leather armour (worn)
 f - a scarf of repulsion (worn)
Scrolls
 c - 2 scrolls of fog {unknown}
 d - a scroll of magic mapping {unknown}
Potions
 i - a potion of cancellation {unknown}
 j - a potion of magic {unknown}
 k - a potion of berserk rage


   Skills:
 + Level 2.2 Fighting
 + Level 0.1 Short Blades
 - Level 3.7 Maces & Flails
 + Level 0.2 Armour
 + Level 2.4 Dodging
 - Level 2.0 Spellcasting
 + Level 4.5 Conjurations
 * Level 1.1 Fire Magic


You had 4 spell levels left.
You knew the following spells:

 Your Spells              Type           Power      Damage    Failure   Level
a - Foxfire               Conj/Fire      40%        2x1d6     9%          1
b - Kiss of Death         Conj/Necr      32%        2d7       11%         1

Your spell library contained the following spells:

 Spells                   Type           Power      Damage    Failure   Level
 Momentum Strike          Conj/Tloc      16%        3d8       17%         2
 Hailstorm                Conj/Ice       8%         3d4       32%         3
 Fireball                 Conj/Fire      5%         3d5       94%         5
 Plasma Beam              Fire/Air       1%         2x1d12    100%        6
 Starburst                Conj/Fire      5%         6d4       100%        6


Dungeon Overview and Level Annotations

Branches:
Dungeon (2/15)

Altars:

Shops:
D:1 !


Innate Abilities, Weirdness & Mutations

You have a beak for a mouth.
You have claws for feet.


Message History

Found a robe.
There is a stone staircase leading up here.
You closely miss the rat. You claw the rat.
You kill the rat!
Found a dagger.
c - 2 scrolls labelled YSUEBL XEFE (gained 1)
There are no items here.
You see here a +0 dagger.
An adder comes into view.
The adder hisses angrily.
Things that are here:
13 gold pieces; a ring of protection from fire
Okay, then.
You miss the adder. Your kick misses the adder. The adder barely misses you.
You hit the adder.
The adder is poisoned.
Your kick misses the adder.
The adder is lightly wounded.
The adder bites you.
You miss the adder.
The adder is lightly wounded.
The adder bites you.
You are poisoned.
The adder poisons you! The adder bites you.
You are more poisoned.
The adder poisons you!
You barely miss the adder. Your peck misses the adder.
The adder is moderately wounded.
You feel sick. The adder bites you.
You miss the adder. Your kick misses the adder.
The adder is heavily wounded.
You feel sick. The adder misses you.
You barely miss the adder. Your kick misses the adder.
Your peck misses the adder.
The adder is severely wounded.
You feel sick. The adder barely misses you. The adder bites you.
* * * LOW HITPOINT WARNING * * *
You are more poisoned.
The adder poisons you!
It was a potion of might.
You feel very mighty all of a sudden.
You die...

#.###...#
#.# #...#
#.# #...#
#.# ##.##
#.# #.#
###.# #.#
#...# #.#
#.### #.#
#.# #@#
#.# #S#
#.# #..
#.# ##.#
#.# .#
#.# .#
#.# .#
#.# ..
#.#


You could see an adder (poisoned).

Vanquished Creatures
  3 dart slugs (D:1)
  A bat (D:1)
  7 endoplasms (D:1)
  2 giant cockroaches (D:1)
  3 goblins (D:1)
  3 hobgoblins (D:1)
  2 ball pythons (D:1)
  A frilled lizard (D:1)
  3 kobolds (D:1)
  A rat (D:2)
26 creatures vanquished.

Vanquished Creatures (others)
  14 foxfires (D:1)
14 creatures vanquished.

Grand Total: 40 creatures vanquished

Notes
Turn   | Place    | Note
-------+----------+-------------------------------------------
     0 | D:1      | monsoonserge the Tengu Reaver began the quest for the Orb.
     0 | D:1      | Reached XP level 1. HP: 12/12 MP: 4/4
    80 | D:1      | Reached XP level 2. HP: 17/17 MP: 6/6
   157 | D:1      | Learned a level 1 spell: Foxfire
   418 | D:1      | Reached XP level 3. HP: 11/21 MP: 7/7
   620 | D:1      | Reached skill level 1 in Fire Magic
   644 | D:1      | Found Surphim's Distillery.
   818 | D:1      | Found a faded altar of an unknown god.
   922 | D:1      | Bought a potion of berserk rage for 60 gold pieces
   985 | D:2      | Succumbed to an adder's poison

Illustrated notes

Levels and vault maps discovered:
D:1:      moated_graveyard_arrival, layout_basic, serial_shops,
          nicolae_shop_tiny_glass, shapermc_ecumenical_altar_petra,
          hangedman_decor_lopped
D:2:      layout_loops_ring, corexii_leaking_fountain, minmay_distorted

Skill      XL: |  1  2  3 |
---------------+----------+-----
Fire Magic     | 1 |  1.1
Fighting       | |  2.2
Short Blades   | |  0.1
Maces & Flails | |  3.7
Armour         | |  0.2
Dodging        | |  2.4
Spellcasting   | |  2.0
Conjurations   | |  4.5

Action                     || total
---------------------------++-------
  Melee: Mace              ||    25
         Peck              ||     8
         Kick              ||     6
         Short sword       ||    30
         Punch             ||     1
   Cast: Foxfire           ||     9
    Use: Potion            ||     1
 Armour: Leather armour    ||    13
  Dodge: Dodged            ||    29
